 Dungeon Crawl Stone Soup version 0.27.1-2-g3b301248ec (webtiles) character file.

Game seed: 5324688691315747422

264 barney the Transmogrifier (level 5, -1/51 (52) HPs)
             Began as a Draconian Transmuter on Oct 1, 2021.
             Succumbed to Crazy Yiuf's poison
             ... on level 3 of the Dungeon.
             The game lasted 00:05:03 (4892 turns).

barney the Transmogrifier (Draconian Transmuter)    Turns: 4892, Time: 00:05:03

HP:   -1/51 (52)    AC:  5    Str: 13    XL:     5   Next: 98%
MP:   2/8           EV: 12    Int: 14    God:
Gold: 62            SH:  0    Dex: 11    Spells: 2/8 levels left

rFire    . . .     SeeInvis .   c - +0 falchion (drain)
rCold    . . .     Faith    .   (no shield)
rNeg     . . .     Spirit   +   (armour unavailable)
rPois    .         Reflect  .   (helmet currently unavailable)
rElec    .         Harm     .   (no cloak)
rCorr    .         Rampage  .   (no gloves)
Will     .....                  (boots currently unavailable)
Stlth    +.........             f - amulet of guardian spirit
HPRegen  0.17/turn              (no ring)
MPRegen  0.11/turn              (no ring)

@: lethally poisoned (-1 -> -10), appendages (expiring), slowed, lightly
drained, very slow
A: horns 2, talons 2, AC +5, unfitting armour, cold-blooded
a: End Transformation


You were on level 3 of the Dungeon.
You had temporarily grown beastly horns and talons.
You visited 1 branch of the dungeon, and saw 3 of its levels.

You collected 62 gold pieces.

Inventory:

Hand Weapons
 c - a +0 falchion of draining (weapon)
 d - a +0 dagger of venom
Jewellery
 f - an amulet of guardian spirit (around neck)
Scrolls
 b - a scroll of teleportation
 e - 2 scrolls of identify {unknown}
 j - a scroll of enchant weapon {unknown}


   Skills:
 - Level 7.0 Fighting
 - Level 1.7 Dodging
 - Level 7.1 Unarmed Combat
 - Level 2.0 Spellcasting
 + Level 8.4 Transmutations


You had 2 spell levels left.
You knew the following spells:

 Your Spells              Type           Power      Damage    Failure   Level
a - Beastly Appendage     Tmut           48%        N/A       1%          1
b - Spider Form           Tmut/Pois      6%         N/A       13%         3
c - Wereblood             Tmut           24%        N/A       1%          2

Your spell library contained the following spells:

 Spells                   Type           Power      Damage    Failure   Level
 Ice Form                 Ice/Tmut       13%        N/A       38%         4


Dungeon Overview and Level Annotations

Branches:
Dungeon (3/15)

Altars:
Wu Jian

Shops:
D:1 :   D:2 !

Annotations:
D:3 2 transporters, BigDaddyOpFi's ghost, amateur MiBe; Grinder


Innate Abilities, Weirdness & Mutations

You have temporarily grown beastly horns and talons.
Your plain brown scales are hard. (AC +5)
You cannot fit into any form of body armour.
You are cold-blooded and may be slowed by cold attacks.


Message History

Crazy Yiuf hits you with a +4 quarterstaff of chaos!
You are electrocuted!
You hit Crazy Yiuf but do no damage. You drain Crazy Yiuf.
Your kick misses Crazy Yiuf.
Crazy Yiuf is lightly wounded.
Crazy Yiuf says, "Ten ragdoll blue!"
Crazy Yiuf hits you with a +4 quarterstaff of chaos.
You feel drained.
You barely miss Crazy Yiuf.
Your tail-slap misses Crazy Yiuf.
Crazy Yiuf is lightly wounded.
Crazy Yiuf closely misses you.
You riposte.
You hit Crazy Yiuf. You drain Crazy Yiuf. Your kick misses Crazy Yiuf.
Crazy Yiuf is moderately wounded.
You hit Crazy Yiuf but do no damage. You drain Crazy Yiuf.
You headbutt Crazy Yiuf.
Crazy Yiuf is almost dead.
Crazy Yiuf says, "Hack!
Key hand mobile."
Crazy Yiuf misses you.
Crazy Yiuf yells, "Peeping mumblescurry bag!"
Crazy Yiuf hits you with a +4 quarterstaff of chaos!
* * * LOW HITPOINT WARNING * * *
You are lethally poisoned!
It was a potion of experience.
You feel more experienced!
Your Fighting skill gained 6 levels and is now at level 7!
Your Unarmed Combat skill gained 4 levels and is now at level 7!
Your Transmutations skill gained 3 levels and is now at level 8!
You have reached level 5!
* * * LOW HITPOINT WARNING * * *
You feel very sick.
Crazy Yiuf hits you with a +4 quarterstaff of chaos.
* * * LOW HITPOINT WARNING * * *
You feel yourself slow down. Crazy Yiuf freezes you.
* * * LOW HITPOINT WARNING * * *
You aren't carrying any potions.
Unknown command.
You hit Crazy Yiuf. You drain Crazy Yiuf.
You kill Crazy Yiuf!
Your transformation is almost over.
You die...

##.......#
#........##
#..........
###.....###
#....## #...##
### ♣♣###.##
#)..#♣♣ ♣♣.....#
#...)@♣♣♣♣......#
#...#♣..♣......##
### ♣♣♣.♣....##
♣♣♣♣♣###


There were no monsters in sight!

Vanquished Creatures
  Crazy Yiuf (D:3)
  An orc wizard (D:3)
  Robin (D:3)
  3 adders (D:2)
  2 worms (D:2)
  A dart slug (D:1)
  4 orcs (D:2)
  10 ball pythons
  6 endoplasms
  3 giant cockroaches
  8 goblins
  A hobgoblin (D:1)
  4 kobolds
  A quokka (D:1)
  8 bats
  3 frilled lizards
  4 rats
61 creatures vanquished.

Vanquished Creatures (others)
  A bat (D:1)
1 creature vanquished.

Grand Total: 62 creatures vanquished

Notes
Turn   | Place    | Note
-------+----------+-------------------------------------------
     0 | D:1      | barney the Draconian Transmuter began the quest for the
                  | Orb.
     0 | D:1      | Reached XP level 1. HP: 16/16 MP: 3/3
   492 | D:1      | Found Uciheuv's Book Shop.
   497 | D:1      | Reached XP level 2. HP: 23/23 MP: 3/5
   602 | D:1      | Reached skill level 3 in Transmutations
   916 | D:1      | Found a faded altar of an unknown god.
  1116 | D:1      | Reached XP level 3. HP: 27/28 MP: 4/6
  1365 | D:1      | Found an ornate altar of the Wu Jian Council.
  1879 | D:2      | Found Seeh Nin's Distillery.
  2320 | D:2      | Reached skill level 4 in Transmutations
  2343 | D:2      | Learned a level 3 spell: Spider Form
  2452 | D:2      | Learned a level 2 spell: Wereblood
  2798 | D:2      | Reached XP level 4. HP: 23/35 MP: 4/7
  3953 | D:3      | Reached skill level 5 in Transmutations
  4073 | D:3      | Found a transporter.
  4089 | D:3      | Found a transporter.
  4090 | D:3      | Noticed BigDaddyOpFi's ghost (amateur MiBe)
  4096 | D:3      | Noticed Grinder
  4467 | D:3      | Noticed Robin
  4478 | D:3      | Killed Robin
  4881 | D:3      | Found a runed translucent door.
  4882 | D:3      | Noticed Crazy Yiuf
  4891 | D:3      | Reached skill level 8 in Transmutations
  4891 | D:3      | Reached XP level 5. HP: 11/51 MP: 2/8
  4891 | D:3      | HP: 2/51 [Crazy Yiuf (2)]
  4892 | D:3      | Killed Crazy Yiuf
  4892 | D:3      | Succumbed to Crazy Yiuf's poison

Illustrated notes

Levels and vault maps discovered:
D:1:      dpeg_arrival_lava_altar, layout_loops_ring, serial_shops,
          nicolae_shop_waterfront, shapermc_ecumenical_altar_mp_highgroup,
          minmay_misc_feat_enclosed
D:2:      layout_loops_corners, serial_shops, nicolae_shop_behind_doors,
          minivault_4
D:3:      layout_rooms, gammafunk_ghost_arena, kennysheep_donut, uniq_robin,
          uniq_crazy_yiuf_cottage, uniq_grinder

Skill      XL: |  1  2  3  4 |
---------------+-------------+-----
Transmutations | 3 4 8 |  8.4
Fighting       | 7 |  7.0
Unarmed Combat | 7 |  7.1
Dodging        | |  1.7
Spellcasting   | |  2.0

Action                   |  1- 3 |  4- 6 || total
-------------------------+-------+-------++-------
Melee: Unarmed           |    94 |       ||    94
       Kick              |    26 |     6 ||    32
       Tailslap          |     8 |     3 ||    11
       Headbutt          |     5 |     4 ||     9
       Dagger            |    27 |    31 ||    58
       Punch             |     1 |     1 ||     2
       Falchion          |       |    24 ||    24
 Cast: Beastly Appendage |    27 |     7 ||    34
       Wereblood         |       |     2 ||     2
  Use: Potion            |       |     5 ||     5
       Scroll            |       |     4 ||     4
Armor: Skin              |    42 |    38 ||    80
Dodge: Dodged            |    94 |    55 ||   149
       Rpst.: Falchion   |       |     5 ||     5
